AoeStats
← Zoltub

Arabia

507872932Analyzed
1v1 RM · 11d ago on Sep 20, 2026· 42m 30s· 2 players
Game mode
Random Map
Map size
Tiny (2 player)
Population
200
Speed
Normal
Resources
Standard
Victory
Conquest
Starting age
Dark Age
Ending age
Imperial Age
RankedLock teamsTeams togetherTeam positionsShared explorationLock speedFull tech treeHidden civsTurbo modeCheats
Victory
Defeat
🇺🇸 Persians · United States
898
+18
🇦🇷 Persians · Argentina
935
-18
Zoltub
1:31 Loom
10:40 Feudal Age
10:47 Feudal Age
11:05 Horse Collar
12:06 Wheelbarrow
12:20 Double-Bit Axe
15:44 Gold Mining
21:42 Castle Age
20:09 Forging
20:30 Stone Mining
21:26 Scale Barding Armor
22:51 Heavy Plow
23:11 Pikeman
26:24 Iron Casting
26:28 Gold Shaft Mining
32:23 Hand Cart
33:59 Light Cavalry
35:31 Bloodlines
39:16 Elite Skirmisher
40:59 Thumb Ring
Minombre_Apellido
7:25 Loom
10:28 Feudal Age
14:25 Scale Barding Armor
14:54 Forging
15:27 Bloodlines
17:16 Horse Collar
21:48 Wheelbarrow
21:32 Double-Bit Axe
24:39 Castle Age
25:28 Light Cavalry
26:32 Chain Barding Armor
25:36 Crossbowman
26:46 Bow Saw
26:38 Heavy Plow
27:23 Husbandry
28:32 Hand Cart
29:09 Iron Casting
28:54 Fletching
35:31 Thumb Ring
37:23 Bodkin Arrow
Connection lost

Rejoining the realm…

Still unreachable

The connection could not be restored.

Session expired

The server has moved on; the page needs a fresh start.